Map: Celestial Enclave LE

Players

leox

  • Race: Protoss Protoss
  • League: Silver
  • Spawn Location: 7:00

Deluxe - Winner!

  • Race: Terran Terran
  • Spawn Location: 1:00

VOD

Have the link to the VOD?

Description

Time

  • Played on: May 30, 2026, 6:47 p.m.
  • Length: 13:55
Show
View Real Time Build Order
Export as new Build Order

leox Protoss 

Build Orders:  

Get SALT Encoding   

  12  0:12  Pylon  
  12  0:32  Gateway  
  12  0:38  Forge  
  12  1:01  Pylon  
  12  1:14  Pylon, Probe  
  13  1:22  Probe  
  13  1:24  Photon Cannon  
  13  1:32  Probe  
  14  1:35  Photon Cannon  
  15  1:40  Probe  
  16  1:48  Probe  
  17  1:58  Probe  
  17  2:00  Zealot  
  20  2:10  Probe  
  21  2:16  Cybernetics Core  
  21  2:17  Assimilator  
  21  2:23  Assimilator, Probe  
  22  2:31  Probe  
  22  2:36  Zealot  
  25  2:40  Probe  
  26  2:52  Probe  
  27  3:03  Zealot  
  29  3:15  Pylon  
  29  3:24  Photon Cannon  
  29  3:30  Zealot  
  31  3:40  Stargate  
  31  3:48  Zealot  
  33  4:11  Nexus  
  33  4:14  Zealot  
  35  4:19  Pylon  
  35  4:32  Pylon  
  35  4:38  Stalker  
  35  4:45  Void Ray  
  41  4:50  Photon Cannon  
  41  4:56  Assimilator  
  41  5:05  Stalker  
  41  5:11  Robotics Facility  
  43  5:17  Probe  
  44  5:21  Probe  
  44  5:25  Probe  
  45  5:29  Probe  
  45  5:34  Probe  
  47  5:39  Probe  
  49  5:47  Zealot  
  49  5:49  Void Ray  
  55  5:57  Probe  
  56  6:05  Probe  
  56  6:07  Probe, Protoss Air Armor Level 1  
  58  6:14  Probe  
  59  6:19  Probe  
  60  6:26  Void Ray  
  60  6:31  Probe  
  60  6:32  Pylon  
  65  6:40  Sentry  
  67  6:55  Photon Cannon  
  67  6:58  Assimilator  
  67  7:01  Assimilator  
  67  7:03  Sentry  
  69  7:20  Photon Cannon  
  69  7:23  Photon Cannon, Stalker  
  75  7:33  Void Ray  
  75  7:36  Protoss Shields Level 1  
  75  7:42  Stalker  
  77  8:10  Zealot  
  83  8:14  Observer  
  83  8:16  Void Ray  
  84  8:32  Observer  
  85  8:34  Protoss Air Weapons Level 1  
  85  8:43  Nexus  
  85  8:47  Pylon  
  85  8:50  Observer  
  85  8:51  Pylon  
  86  9:05  Zealot  
  86  9:09  Void Ray  
  82  9:27  Zealot  
  43  9:49  Zealot  
  37  10:08  Photon Cannon  
  37  10:11  Photon Cannon  
  37  10:17  Zealot  
  37  10:19  Immortal  
  47  10:21  Void Ray  
  47  10:22  Photon Cannon  
  47  10:27  Photon Cannon  
  47  10:30  Photon Cannon  
  45  10:44  Zealot  
  47  10:58  Photon Cannon, Immortal  
  47  11:02  Photon Cannon  
  51  11:11  Zealot  
  43  11:30  Gateway  
  43  11:34  Photon Cannon  
  43  11:38  Zealot  
  53  11:44  Void Ray  
  49  11:57  Gateway  
  49  12:05  Zealot  
  51  12:22  Stalker  
  55  12:24  Zealot  
  55  12:43  Stalker  
  55  12:46  Stalker x2  
  61  13:11  Stalker  
  61  13:13  Stalker x2  
Show
View Real Time Build Order
Export as new Build Order

Deluxe Terran - Winner!

Build Orders:  

Get SALT Encoding   

  12  0:00  SCV  
  13  0:12  SCV  
  14  0:17  Supply Depot  
  14  0:30  SCV  
  15  0:41  Barracks  
  15  0:43  SCV  
  16  0:55  SCV  
  17  0:57  Refinery  
  17  1:07  SCV  
  18  1:19  SCV  
  19  1:31  SCV  
  20  1:36  Command Center  
  20  1:41  Barracks Reactor  
  20  1:44  Orbital Command  
  20  2:08  Supply Depot  
  20  2:25  Factory  
  20  2:33  Barracks  
  20  2:37  Refinery  
  20  2:50  Engineering Bay  
  21  2:51  SCV  
  21  2:56  Orbital Command  
  21  3:03  SCV  
  22  3:10  Factory Tech Lab  
  22  3:15  SCV  
  22  3:17  Terran Infantry Weapons Level 1  
  23  3:21  Barracks Tech Lab  
  23  3:31  SCV  
  24  3:38  SCV  
  25  3:43  SCV  
  26  3:50  SCV  
  26  3:52  Marine x2, Supply Depot  
  30  3:55  SCV  
  30  4:02  SCV  
  31  4:07  SCV  
  31  4:09  Siege Tank  
  35  4:10  Marine x2  
  35  4:14  SCV, Combat Shield  
  35  4:16  Supply Depot  
  38  4:19  SCV  
  39  4:27  Marine  
  39  4:28  Marine  
  41  4:38  Supply Depot  
  41  4:45  Marine  
  41  4:46  Marine  
  41  4:48  Starport  
  43  4:55  Barracks  
  43  4:57  SCV  
  43  4:59  Refinery, SCV  
  45  5:02  Supply Depot  
  45  5:09  Marine, SCV  
  45  5:10  Marine  
  45  5:11  SCV  
  49  5:15  Siege Tank  
  52  5:22  SCV  
  52  5:23  SCV  
  52  5:27  Starport Tech Lab  
  54  5:33  Stimpack  
  54  5:37  SCV  
  54  5:40  Terran Infantry Armor Level 1  
  54  5:42  SCV  
  56  5:47  Siege Tank  
  56  5:49  SCV  
  60  5:53  Marine x4  
  60  5:54  SCV  
  65  5:58  Medivac  
  65  6:01  SCV  
  68  6:06  SCV  
  68  6:11  Marine x4  
  73  6:26  Refinery  
  73  6:28  Marine  
  73  6:29  Marine x3  
  77  6:46  Marine  
  78  7:25  Supply Depot  
  78  7:27  Supply Depot  
  78  7:29  Supply Depot  
  78  7:33  Missile Turret  
  78  7:35  Missile Turret  
  78  7:47  Marine x3, Medivac  
  78  7:49  Supply Depot  
  78  7:51  Starport  
  83  7:52  Supply Depot  
  83  7:55  Siege Tank  
  83  7:56  Supply Depot  
  86  7:59  Marine  
  86  8:05  Marine x3  
  90  8:14  Supply Depot  
  90  8:17  Supply Depot, Marine, Medivac  
  90  8:19  Supply Depot  
  93  8:22  Marine  
  94  8:27  Siege Tank  
  97  8:38  Supply Depot  
  97  8:47  Viking  
  99  8:59  Siege Tank  
  99  9:17  Viking  
  78  9:31  Siege Tank  
  74  10:43  Marine x4  
  78  10:51  Liberator x2  
  78  10:56  Siege Tank  
  87  11:01  Marine x4  
  84  11:18  Marine  
  84  11:19  Marine x3  
  88  11:28  Siege Tank  
  91  11:33  Medivac  
  91  11:34  Medivac  
  91  11:36  Marine  
  91  11:37  Marine x3  
  99  11:55  Marine x2  
  99  12:00  Siege Tank  
  104  12:03  Medivac  
  104  12:04  Medivac  
  108  12:33  Liberator  
  108  12:34  Liberator  
Tags
 
Add a new tag
Caveats
  • Supply blocks, unpowered buildings, or Contaminate may cause inaccurate times.
  • Supply counts are checked every 10 seconds.